 Dungeon Sprint DCSS version 0.25.1-8-g42b30a86e7 (webtiles) character file.

Game seed: 894407805801712759

1400000 radhat240 the Slayer (level 14, -15/160 HPs)
             Began as a Minotaur Fighter on Dec 13, 2020.
             Demolished by a meat berserker
             ... wielding a +9 battleaxe
              (21 damage)
             ... in the Dungeon (Sprint VIII: "Arena of Blood").
             The game lasted 00:01:04 (14 turns).

radhat240 the Slayer (Minotaur Fighter)               Turns: 14, Time: 00:01:05

Health: -15/160    AC: 12    Str: 25    XL:     14   Next: 27%
Magic:  13/13      EV: 10    Int:  5    God:
Gold:   0          SH:  0    Dex: 11    Spells: 13/13 levels left

rFire    . . .     SeeInvis .   l - +∞ Axe of Woe
rCold    . . .     Gourm    .   (shield currently unavailable)
rNeg     . . .     Faith    .   b - +0 scale mail
rPois    .         Spirit   .   (helmet restricted)
rElec    .         Reflect  .   (no cloak)
rCorr    .         Harm     .   (no gloves)
MR       +....     NoTele   +   (no boots)
Stlth    ..........             (no amulet)
HPRegen  0.36/turn              (no ring)
MPRegen  0.13/turn              (no ring)

@: no status effects
A: retaliatory headbutt, horns 2
a: no special abilities


You were in the Dungeon.
You were not hungry.

You visited 1 branch

Inventory:

Hand Weapons
 a - a +0 war axe
 l - the +∞ Axe of Woe (weapon)
   (You found it in the Dungeon)
Armour
 b - a +0 scale mail (worn)
 c - a +0 kite shield
Scrolls
 k - a scroll of blinking
Potions
 d - a potion of might
 e - a potion of curing
 g - a potion of heal wounds
 h - a potion of haste
 i - 2 potions of magic
 j - a potion of berserk rage
Comestibles
 f - a ration


   Skills:
 + Level 24.4 Fighting
 + Level 14.4 Axes
 + Level 24.2 Armour
 + Level 23.6 Shields


You had 13 spell levels left.
You didn't know any spells.
Your spell library was empty.

Dungeon Overview and Level Annotations

Branches:
Dungeon (1/1)

Altars:
Makhleb


Innate Abilities, Weirdness & Mutations

You reflexively headbutt those who attack you in melee.
You have a pair of horns on your head.


Message History

You kill the bag of meat!
Your Fighting skill increases to level 24!
Your Axes skill increases to level 14!
Your Armour skill gained 2 levels and is now at level 24!
Your Shields skill increases to level 23!
You have reached level 14!
You hear a shout! x3
The meat berserker hits you with a +9 battleaxe!!!
You hear a shout! x5
The meat berserker hits you with a +9 battleaxe!!!
* * * LOW HITPOINT WARNING * * *
You hear a shout! x2
The bag of meat hits you with a +9 war axe!
* * * LOW HITPOINT WARNING * * *
You hear a shout!
A bag of meat comes into view. It is wielding a +9 war axe. x2
You hear a shout!
The bag of meat shouts!
The bag of meat shouts!
The meat berserker hits you with a +9 battleaxe!!
You die...

.......... .
.......... ..
......... ...
#...o...# .#..
#.......#
.....###oo.....###.
........o.###......
#...)@Oo._..o...
#.......#O....#..
........#_.<._#
#.......#.....#
..#........_.....
...o......###......
.....###... ..###.
.o... #... ..# #..
.#


You could see 2 meat berserkers and 8 bags of meat.

Vanquished Creatures
  4 orcs (D)
4 creatures vanquished.

Notes
Turn   | Place    | Note
-------+----------+-------------------------------------------
     0 | D        | Found the +∞ Axe of Woe
     0 | D        | radhat240 the Minotaur Fighter began the quest for the Orb.
     0 | D        | Reached XP level 1. HP: 19/19 MP: 0/0
     1 | D        | Noticed a bag of meat
     1 | D        | Noticed a bag of meat
     1 | D        | Noticed a bag of meat
     3 | D        | Noticed a bag of meat
     4 | D        | Noticed a bag of meat
     5 | D        | Noticed a meat berserker
     8 | D        | Noticed a bag of meat
     8 | D        | Noticed a bag of meat
     9 | D        | Noticed a bag of meat
    10 | D        | Noticed a bag of meat
    11 | D        | Killed a bag of meat
    11 | D        | Reached skill level 10 in Axes
    11 | D        | Reached XP level 2. HP: 53/53 MP: 1/1
    11 | D        | Reached XP level 3. HP: 60/60 MP: 2/2
    11 | D        | Reached XP level 4. HP: 69/69 MP: 3/3
    11 | D        | Reached XP level 5. HP: 75/75 MP: 4/4
    11 | D        | Reached XP level 6. HP: 83/83 MP: 5/5
    11 | D        | Reached XP level 7. HP: 91/91 MP: 6/6
    11 | D        | Reached XP level 8. HP: 99/99 MP: 7/7
    11 | D        | Reached XP level 9. HP: 105/105 MP: 8/8
    11 | D        | Reached XP level 10. HP: 114/114 MP: 9/9
    11 | D        | Reached XP level 11. HP: 121/121 MP: 10/10
    11 | D        | Killed a bag of meat
    11 | D        | Reached XP level 12. HP: 136/136 MP: 11/11
    11 | D        | Noticed a meat berserker
    12 | D        | Noticed a bag of meat
    12 | D        | Killed a bag of meat
    12 | D        | Reached XP level 13. HP: 109/148 MP: 12/12
    12 | D        | Killed a bag of meat
    12 | D        | Reached XP level 14. HP: 118/160 MP: 13/13
    13 | D        | HP: 6/160 [bag of meat/+9 war axe (12)]
    13 | D        | Noticed a bag of meat
    13 | D        | Noticed a bag of meat
    14 | D        | Demolished by a meat berserker

Illustrated notes

Levels and vault maps discovered:
D:        meatsprint

Skill      XL: |  1  2  3  4  5  6  7  8  9 10 11 12 13 |
---------------+----------------------------------------+-----
Fighting       | 18 21 23 24 | 24.4
Axes           | 10 12 13 14 | 14.4
Armour         | 18 21 22 24 | 24.2
Shields        | 18 20 22 23 | 23.6

Action                   |  1- 3 |  4- 6 |  7- 9 | 10-12 | 13-15 || total
-------------------------+-------+-------+-------+-------+-------++-------
Melee: Executioner's axe |     1 |       |       |     1 |       ||     2
